[Event "fics rated crazyhouse match"]
[Site "fics, Oklahoma City, OK USA"]
[Date "2000.03.14"]
[White "Thufir"]
[WhiteElo "2312"]
[Black "pminear"]
[BlackElo "2446"]
[TimeControl "60+0"]
[Result "1-0"]

1. e4 e5 2. Nc3 Nc6 3. Bc4 Bc5 4. Nf3 Nf6 5. d3 d6 6. Bg5 
Bg4 7. Nd5 Rg8 8. Bxf6 gxf6 9. N@e3 Bxf3 10. Qxf3 Nd4 11. Nxf6+ Kf8 
12. B@h6+ B@g7 13. Nxh7+ Ke7 14. Qxf7# 
{pminear checkmated} 1-0

[Event "fics rated crazyhouse match"]
[Site "fics, Oklahoma City, OK USA"]
[Date "2000.03.15"]
[White "Thufir"]
[WhiteElo "2317"]
[Black "pminear"]
[BlackElo "2441"]
[TimeControl "60+0"]
[Result "0-1"]

1. e4 e5 2. Nc3 Nc6 3. Bc4 Bc5 4. Nf3 Nf6 5. O-O d6 6. h3 
Be6 7. Bxe6 fxe6 8. d3 O-O 9. Bg5 B@h5 10. Bxf6 Qxf6 11. B@h4 Qxh4 
12. Nxh4 Bxd1 13. Nxd1 B@g3 14. N@g4 Bcxf2+ 15. Ndxf2 P@h2+ 16. Nxh2 Rxf2 17. P@f7+ 
Rxf7 18. Rxf7 Bxh2+ 19. Kxh2 P@g3+ 20. Kxg3 N@h5+ 21. Kf2 B@g3+ 22. Ke2 Nd4+ 
23. Kd2 Q@e2+ 24. Kc3 Qxc2+ 25. Kb4 a5+ 26. Ka3 P@b4# 
{Thufir checkmated} 0-1

[Event "fics rated crazyhouse match"]
[Site "fics, Oklahoma City, OK USA"]
[Date "2000.03.15"]
[White "pminear"]
[WhiteElo "2446"]
[Black "Thufir"]
[BlackElo "2312"]
[TimeControl "60+0"]
[Result "0-1"]

1. e4 Nc6 2. Nc3 Nf6 3. d4 e6 4. e5 Nd5 5. Nxd5 exd5 6. Nf3 
d6 7. Bb5 Bg4 8. N@a5 N@b4 9. a3 dxe5 10. axb4 Bxb4+ 11. Bd2 Bxa5 
12. Rxa5 P@e4 13. B@a4 exf3 14. Bxc6+ bxc6 15. Bxc6+ P@d7 16. Bxd5 fxg2 17. Bxf7+ 
Kf8 18. Bb4+ P@d6 19. Qxg4 gxh1=Q+ 20. B@f1 N@f3+ 21. Ke2 N@c1+ 22. Ke3 B@f4+ 
23. Ke4 Nxh2+ 24. P@f3 Nxg4 25. P@b7 Nf6+ 26. Kf5 Q@g5# 
{pminear checkmated} 0-1

[Event "fics rated crazyhouse match"]
[Site "fics, Oklahoma City, OK USA"]
[Date "2000.03.15"]
[White "Thufir"]
[WhiteElo "2323"]
[Black "pminear"]
[BlackElo "2435"]
[TimeControl "60+0"]
[Result "0-1"]

1. e4 e5 2. Nc3 Nc6 3. Bc4 Bc5 4. Nf3 Nf6 5. d3 d5 6. Bg5 
dxc4 7. Bxf6 Qxf6 8. Nd5 Qd8 9. N@h5 Rg8 10. dxc4 B@g4 11. Ng3 Bxf3 
12. Qxf3 Nd4 13. Qd1 B@g4 14. P@f3 N@h4 15. fxg4 Nxg2+ 16. Kf1 Nh4 17. B@h3 
P@f3 18. c3 Bxg4 19. cxd4 Bxh3+ 20. Ke1 Bxd4 21. B@a4+ B@c6 22. Bxc6+ bxc6 
23. B@e7 Ng2+ 24. Kd2 B@g5+ 25. Bxg5 Qxg5+ 26. N@e3 cxd5 27. B@c6+ B@d7 28. Bxd7+ 
Bxd7 29. cxd5 Bxe3+ 30. Kc2 N@b4+ 31. Kb1 P@c2+ 32. Qxc2 Nxc2 33. B@c3 N@a3+ 
34. bxa3 Nxa3+ 35. Kb2 Q@c2+ 36. Kxa3 Qxc3+ 37. N@b3 B@b4# 
{Thufir checkmated} 0-1

[Event "fics rated crazyhouse match"]
[Site "fics, Oklahoma City, OK USA"]
[Date "2000.03.15"]
[White "pminear"]
[WhiteElo "2441"]
[Black "Thufir"]
[BlackElo "2317"]
[TimeControl "60+0"]
[Result "0-1"]

1. e4 e6 2. Nc3 Nc6 3. d4 Bb4 4. a3 Ba5 5. Be3 Nf6 6. e5 
Nd5 7. Qg4 Rg8 8. Bd3 Bxc3+ 9. bxc3 N@f5 10. Bxf5 exf5 11. Qxf5 B@g6 
12. Qf3 Nxc3 13. P@b2 Ne4 14. B@d5 Ng5 15. Bxg5 Qxg5 16. N@e3 Nxd4 17. Qd1 
Nxc2+ 18. Nxc2 P@d2+ 19. Kf1 Bxc2 20. Qxc2 B@g6 21. Qxc7 N@f4 22. N@d6+ Kf8 
23. Nxc8 Nxd5 24. B@d6+ P@e7 25. Nxe7 B@d3+ 26. P@e2 Ne3+ 27. fxe3 P@e6 28. Nxg6+ 
Ke8 29. Nf3 fxg6 30. P@f7+ Kxf7 31. Nxg5+ Ke8 
{pminear forfeits on time} 0-1

[Event "fics rated crazyhouse match"]
[Site "fics, Oklahoma City, OK USA"]
[Date "2000.03.15"]
[White "Thufir"]
[WhiteElo "2328"]
[Black "pminear"]
[BlackElo "2430"]
[TimeControl "60+0"]
[Result "1-0"]

1. e4 e5 2. Nc3 Nc6 3. Bc4 Bc5 4. Nf3 Nf6 5. O-O d6 6. h3 
Be6 7. Bb5 O-O 8. Bxc6 bxc6 9. N@f5 Bxf5 10. exf5 B@h5 11. B@g5 Bxf3 
12. Qxf3 N@d4 13. Qd1 Nxf5 14. Bxf6 Qxf6 15. N@e4 Qg6 16. B@h5 Qh6 17. d4 
B@f4 18. Bxf4 exf4 19. B@g5 Qe6 20. dxc5 P@g3 21. Bxf4 gxf2+ 22. Nxf2 P@e3 
23. Ng4 B@f2+ 24. Nxf2 exf2+ 25. Rxf2 N@g6 26. Bxg6 fxg6 27. N@g5 Qe7 28. B@e6+ 
Kh8 29. Bxf5 Rxf5 30. B@g4 Rxf4 31. Rxf4 B@e3+ 32. R@f2 Bxf2+ 33. Rxf2 B@g8 
34. N@f7+ Bxf7 35. Nxf7+ Kg8 36. B@e6 B@g3 37. Nh6+ Kh8 38. B@e3 Bxf2+ 39. Bxf2 
gxh6 40. Qd4+ N@e5 41. Qf4 R@f6 42. B@g5 hxg5 43. P@g7+ Qxg7 44. Qxg5 
{pminear forfeits on time} 1-0

[Event "fics rated crazyhouse match"]
[Site "fics, Oklahoma City, OK USA"]
[Date "2000.03.15"]
[White "pminear"]
[WhiteElo "2420"]
[Black "Thufir"]
[BlackElo "2338"]
[TimeControl "60+0"]
[Result "1-0"]

1. e4 e6 2. Nc3 Nc6 3. d4 Nf6 4. e5 Nd5 5. Nxd5 exd5 6. Nf3 
Be7 7. Bb5 O-O 8. N@f5 d6 9. Nxe7+ Qxe7 10. Bxc6 bxc6 11. Qe2 dxe5 
12. dxe5 P@e4 13. Rg1 exf3 14. gxf3 B@g6 15. P@h6 N@d4 16. hxg7 Nxe2 17. N@f6+ 
Kxg7 18. Nh5+ Kh8 19. P@g7+ Kg8 20. gxf8=Q+ Kxf8 21. Bh6+ Ke8 22. Nf6+ Kd8 
23. R@f8+ N@e8 24. Nxe8 Q@b4+ 25. B@d2 Qxf8 26. Bxf8 Qxf8 27. Bg5+ B@e7 28. Bxe7+ 
Qxe7 29. B@f6 P@d2+ 30. Kxe2 N@d4+ 31. Kxd2 R@e2+ 32. Kc1 Rxc2+ 33. Kb1 Rc3+ 
34. Rxg6 P@c2+ 35. Kc1 Ne2+ 36. Kd2 c1=Q+ 37. Rxc1 B@f4+ 38. Kxe2 Rc2+ 39. Rxc2 
Be6 40. Bxe7# 
{Thufir forfeits on time} 1-0

[Event "fics rated crazyhouse match"]
[Site "fics, Oklahoma City, OK USA"]
[Date "2000.03.15"]
[White "Thufir"]
[WhiteElo "2332"]
[Black "pminear"]
[BlackElo "2426"]
[TimeControl "60+0"]
[Result "1-0"]

1. e4 e5 2. Nf3 Nc6 3. Bc4 Bc5 4. d3 Nf6 5. Bg5 h6 6. Bxf6 
Qxf6 7. N@d5 Qd8 8. Nbc3 B@h5 9. O-O Nd4 10. Nxd4 Bxd1 11. Nf5 Q@g6 
12. Raxd1 d6 13. N@h4 Qgg5 14. Nf3 Qg4 15. B@h3 Bxf5 16. exf5 Qh5 17. B@g4 
Qxh3 18. Bxh3 N@f4 19. Nxf4 exf4 20. N@g6 d5 21. Bxd5 N@g5 22. Nxg5 hxg5 
23. Bxf7+ Kxf7 24. Q@e6# 
{pminear checkmated} 1-0

[Event "fics rated crazyhouse match"]
[Site "fics, Oklahoma City, OK USA"]
[Date "2000.03.15"]
[White "pminear"]
[WhiteElo "2416"]
[Black "Thufir"]
[BlackElo "2342"]
[TimeControl "60+0"]
[Result "1-0"]

1. e4 e6 2. Nc3 d6 3. d4 Nf6 4. Nf3 Be7 5. Bd3 Nc6 6. e5 
Ng4 7. exd6 cxd6 8. Qe2 P@f5 9. h3 Nf6 10. Bg5 O-O 11. Bxf6 Bxf6 
12. P@e5 dxe5 13. dxe5 Nxe5 14. Nxe5 B@d4 15. O-O Bdxe5 16. N@f3 Bxc3 17. bxc3 
Bxc3 18. Rad1 N@f4 19. Qe3 N@d5 20. Qc5 Bb4 21. Qd4 P@g4 22. P@h6 Nxd3 
23. Qxg7# 
{Thufir checkmated} 1-0

[Event "fics rated crazyhouse match"]
[Site "fics, Oklahoma City, OK USA"]
[Date "2000.03.15"]
[White "Thufir"]
[WhiteElo "2336"]
[Black "pminear"]
[BlackElo "2422"]
[TimeControl "60+0"]
[Result "0-1"]

1. e4 e5 2. Nf3 Nc6 3. Bc4 Bc5 4. d3 Nf6 5. Bg5 d6 6. Nc3 
Be6 7. Bxe6 fxe6 8. B@h4 O-O 9. O-O B@h5 10. Bxf6 Rxf6 11. N@g3 Bxf3 
12. Qxf3 Rxf3 13. Bxd8 Rxd8 14. B@g4 Rf6 15. Nh5 Rg6 16. Bf3 N@h3# 
{Thufir resigns} 0-1

[Event "fics rated crazyhouse match"]
[Site "fics, Oklahoma City, OK USA"]
[Date "2000.03.15"]
[White "pminear"]
[WhiteElo "2428"]
[Black "Thufir"]
[BlackElo "2330"]
[TimeControl "60+0"]
[Result "0-1"]

1. e4 e6 2. Nc3 d6 3. d4 Nf6 4. Nf3 Nc6 5. d5 Ne5 6. Nxe5 
dxe5 7. Bb5+ Bd7 8. Bxd7+ Nxd7 9. dxe6 fxe6 10. B@h3 P@f7 11. N@g5 Be7 
12. Nxe6 fxe6 13. Bxe6 B@g6 14. Bxd7+ Qxd7 15. Qxd7+ Kxd7 16. P@e6+ Kc8 17. P@d7+ 
Kb8 18. Q@c8+ Rxc8 19. dxc8=Q+ Kxc8 20. P@d7+ Kd8 21. R@g8+ B@f8 22. Bg5 P@f6 
23. Bxf6 gxf6 24. Rd1 B@d6 25. P@g7 N@f4 26. gxf8=Q+ Bxf8 27. B@f3 P@g4 28. Rxd6 
cxd6 29. Rxf8+ Kc7 30. Nd5+ Nxd5 31. N@b5+ Kb6 32. exd5 Q@b4+ 33. B@c3 Q@c1+ 
34. N@d1 Qxb5 35. B@e3+ Qxe3+ 36. Nxe3 gxf3 37. Ba5+ Kxa5 38. Q@c3+ B@b4 39. Qxb4+ 
Qxb4+ 40. Kd1 Q@e2+ 41. Kc1 R@a1+ 42. B@b1 B@d2# 
{pminear checkmated} 0-1

[Event "fics rated crazyhouse match"]
[Site "fics, Oklahoma City, OK USA"]
[Date "2000.03.15"]
[White "RubberDuck"]
[WhiteElo "2206"]
[Black "pminear"]
[BlackElo "2418"]
[TimeControl "60+0"]
[Result "0-1"]

1. e4 e5 2. Nf3 Nc6 3. Bc4 Bc5 4. d3 Nf6 5. O-O d6 6. Nc3 
Bg4 7. Bg5 h6 8. Bxf6 Qxf6 9. Nd5 Qd8 10. h3 Bxf3 11. Qxf3 Nd4 
12. Nxc7+ Qxc7 13. Qxf7+ Qxf7 14. Bxf7+ Kxf7 15. P@g6+ Kxg6 16. B@f5+ Kf7 17. P@g6+ 
Ke7 18. Q@d7+ Kf6 19. N@d5+ Kg5 20. Qe7+ P@f6 21. h4+ Kxh4 22. g3+ Kh5 
23. g4+ Kg5 24. Qxf6+ gxf6 25. f4+ exf4 26. P@h4+ Kxh4 27. Rf2 N@h3+ 28. Kf1 
N@g3+ 29. Ke1 Q@g1# 
{RubberDuck forfeits on time} 0-1

[Event "fics rated crazyhouse match"]
[Site "fics, Oklahoma City, OK USA"]
[Date "2000.03.15"]
[White "pminear"]
[WhiteElo "2422"]
[Black "RubberDuck"]
[BlackElo "2202"]
[TimeControl "60+0"]
[Result "1-0"]

1. e4 e6 2. Nc3 Nf6 3. e5 Nd5 4. Nxd5 exd5 5. Nf3 d6 6. d4 
Nc6 7. Bb5 Bg4 8. N@a5 dxe5 9. Nxc6 bxc6 10. Bxc6+ N@d7 11. Bxd5 Bb4+ 
12. c3 Be7 13. O-O P@h3 14. gxh3 Bxh3 15. Re1 P@g2 16. dxe5 O-O 17. N@f4 
N@g5 18. Nxg5 Bxg5 19. Nxh3 Bxc1 20. Rxc1 Nxe5 21. B@e4 P@f3 22. Bxf3 Nxf3+ 
23. Qxf3 N@h4 24. Qg4 B@f3 25. Bxf3 Nxf3+ 26. Qxf3 B@d2 27. P@e7 Bxe1 28. exf8=Q+ 
Qxf8 29. Qxg2 P@e2 30. Rxe1 R@d1 31. N@h6# 
{RubberDuck forfeits on time} 1-0

[Event "fics rated crazyhouse match"]
[Site "fics, Oklahoma City, OK USA"]
[Date "2000.03.15"]
[White "RubberDuck"]
[WhiteElo "2198"]
[Black "pminear"]
[BlackElo "2426"]
[TimeControl "60+0"]
[Result "1-0"]

1. e4 e5 2. Nf3 Nc6 3. Nc3 Bc5 4. Bc4 Nf6 5. O-O d6 6. d3 
Bg4 7. Bg5 Nd4 8. Nxd4 Bxd4 9. Bxf6 Bxd1 10. Bxd8 Kxd8 11. Bxf7 Q@d7 
12. P@e6 Qe7 13. Q@d7+ Qxd7 14. exd7 Q@e7 15. Q@e8+ Rxe8 16. dxe8=Q+ Qxe8 17. Bxe8 
B@e6 18. Q@f8 Q@e7 19. Qxe7+ Kxe7 20. Bh5 c6 21. N@f5+ Bxf5 22. N@d5+ cxd5 
23. Nxd5+ Kd7 24. Q@c7+ Ke6 25. Qe7# 
{pminear checkmated} 1-0

[Event "fics rated crazyhouse match"]
[Site "fics, Oklahoma City, OK USA"]
[Date "2000.03.15"]
[White "pminear"]
[WhiteElo "2413"]
[Black "RubberDuck"]
[BlackElo "2211"]
[TimeControl "60+0"]
[Result "1-0"]

1. e4 d5 2. exd5 Qxd5 3. Nc3 Qd8 4. Nf3 e6 5. d4 Nf6 6. Be2 
Bb4 7. O-O Bxc3 8. bxc3 N@g4 9. B@g3 Nc6 10. P@e5 Ne4 11. Qd3 Nxg3 
12. hxg3 P@f5 13. N@h5 Rg8 14. Bg5 B@e7 15. Bxe7 Qxe7 16. B@h4 f6 17. exf6 
gxf6 18. Qd1 P@g5 19. Nxg5 fxg5 20. Bxg4 fxg4 21. N@f6+ Kd8 22. Nxg8 gxh4 
23. Nxe7 B@h2+ 24. Kxh2 hxg3+ 25. fxg3 
{RubberDuck resigns} 1-0

[Event "fics rated crazyhouse match"]
[Site "fics, Oklahoma City, OK USA"]
[Date "2000.03.15"]
[White "RubberDuck"]
[WhiteElo "2207"]
[Black "pminear"]
[BlackElo "2417"]
[TimeControl "60+0"]
[Result "0-1"]

1. e4 e5 2. Nc3 Nc6 3. Bc4 Bc5 4. Nf3 Nf6 5. d3 d6 6. Bg5 
Be6 7. Nd5 Bxd5 8. Bxd5 O-O 9. Bxc6 bxc6 10. N@g4 Nxg4 11. Bxd8 Bxf2+ 
12. Kf1 N@e3+ 13. Ke2 N@f4+ 14. Kd2 Nxd1 15. Raxd1 Be3+ 16. Kc3 Ne2+ 17. Kb3 
Rb8+ 18. B@b4 Rxb4+ 19. Kxb4 Bc5# 
{RubberDuck resigns} 0-1

[Event "fics rated crazyhouse match"]
[Site "fics, Oklahoma City, OK USA"]
[Date "2000.03.15"]
[White "pminear"]
[WhiteElo "2421"]
[Black "RubberDuck"]
[BlackElo "2203"]
[TimeControl "60+0"]
[Result "1-0"]

1. e4 d5 2. exd5 e6 3. Bb5+ c6 4. dxc6 bxc6 5. Be2 Nf6 6. Nf3 
Bc5 7. O-O Nbd7 8. d4 Bb4 9. Bf4 P@d6 10. c3 e5 11. dxe5 dxe5 
12. Nxe5 Nxe5 13. Bxe5 O-O 14. cxb4 Qxd1 15. Rxd1 N@e4 16. P@e7 Bh3 17. exf8=Q+ 
Rxf8 18. B@f3 P@c2 19. Rf1 cxb1=Q 20. Raxb1 Bxg2 21. Bxg2 N@d2 22. P@e7 Re8 
23. R@f8# 
{RubberDuck resigns} 1-0

[Event "fics rated crazyhouse match"]
[Site "fics, Oklahoma City, OK USA"]
[Date "2000.03.15"]
[White "RubberDuck"]
[WhiteElo "2199"]
[Black "pminear"]
[BlackElo "2425"]
[TimeControl "60+0"]
[Result "0-1"]

1. e4 e5 2. Nf3 Nc6 3. Bc4 Bc5 4. Nc3 Nf6 5. Bxf7+ Kxf7 6. Ng5+ 
Kf8 7. d3 B@h4 8. P@g3 Bxg5 9. Bxg5 N@e6 10. Bxf6 Qxf6 11. O-O Ncd4 
12. Nd5 Qf7 13. B@h5 B@g6 14. Bg4 h5 15. Bxe6 dxe6 16. Nxc7 Qxc7 17. N@g5 
B@e2 18. P@f7 Bxd1 19. Raxd1 Be7 
{RubberDuck resigns} 0-1

[Event "fics rated crazyhouse match"]
[Site "fics, Oklahoma City, OK USA"]
[Date "2000.03.15"]
[White "pminear"]
[WhiteElo "2428"]
[Black "RubberDuck"]
[BlackElo "2196"]
[TimeControl "60+0"]
[Result "1-0"]

1. e4 e5 2. Nf3 Nc6 3. Nc3 Bc5 4. Bc4 Nf6 5. d3 d6 6. Bg5 
h6 7. Bxf6 Qxf6 8. Nd5 Qd8 9. N@h5 B@f8 10. h3 Nd4 11. Nxd4 Bxd4 
12. c3 Bxf2+ 13. Kxf2 Qh4+ 14. B@g3 P@e3+ 15. Nxe3 Qg5 16. P@f4 exf4 17. Bxf4 
Qxf4+ 18. Nxf4 B@h4+ 19. g3 Bxg3+ 20. Kxg3 Be7 21. Bxf7+ Kd8 22. N@e6+ Bxe6 
23. Nxe6+ Kc8 24. P@d7+ Kxd7 25. Nc5+ dxc5 26. Qg4+ P@e6 27. Qxe6+ Kd8 
{RubberDuck resigns} 1-0

[Event "fics rated crazyhouse match"]
[Site "fics, Oklahoma City, OK USA"]
[Date "2000.03.15"]
[White "RubberDuck"]
[WhiteElo "2193"]
[Black "pminear"]
[BlackElo "2431"]
[TimeControl "60+0"]
[Result "0-1"]

1. e4 e5 2. Nf3 Nc6 3. Bb5 Bc5 4. Bxc6 dxc6 5. O-O B@g4 6. Nxe5 
Bxd1 7. Rxd1 Qf6 8. Nf3 Q@e2 9. Nc3 Bxf2+ 10. Kh1 Qfxf3 
{RubberDuck resigns} 0-1

[Event "fics rated crazyhouse match"]
[Site "fics, Oklahoma City, OK USA"]
[Date "2000.03.15"]
[White "pminear"]
[WhiteElo "2434"]
[Black "RubberDuck"]
[BlackElo "2190"]
[TimeControl "60+0"]
[Result "1-0"]

1. e4 e6 2. Nc3 d5 3. exd5 exd5 4. Bb5+ Nc6 5. Qe2+ Qe7 6. Nf3 
Qxe2+ 7. Bxe2 Nf6 8. P@e5 P@h3 9. exf6 hxg2 10. Rg1 Q@h1 11. Nxd5 Bd6 
12. fxg7 Qxg1+ 13. Nxg1 Rg8 14. N@f6+ Kd8 15. Nxg8 R@f1+ 16. Bxf1 gxf1=Q+ 17. Kxf1 
B@h3+ 18. Ke1 Bxh2 19. Q@f8+ Kd7 20. Q@e8# 
{RubberDuck checkmated} 1-0

[Event "fics rated crazyhouse match"]
[Site "fics, Oklahoma City, OK USA"]
[Date "2000.03.15"]
[White "RubberDuck"]
[WhiteElo "2187"]
[Black "pminear"]
[BlackElo "2437"]
[TimeControl "60+0"]
[Result "0-1"]

1. e4 e5 2. Nf3 Nc6 3. Bc4 Bc5 4. d3 Nf6 5. Bg5 d6 6. Nc3 
Be6 7. Bxe6 fxe6 8. O-O O-O 9. Nxe5 Nxe5 10. P@h6 gxh6 11. Bxh6 Rf7 
12. B@g5 P@g7 13. Bxf6 Qxf6 14. P@g5 Qf4 15. N@h3 Qh4 16. Ne2 B@g4 17. g3 
Qxh3 
{RubberDuck resigns} 0-1

[Event "fics rated crazyhouse match"]
[Site "fics, Oklahoma City, OK USA"]
[Date "2000.03.15"]
[White "pminear"]
[WhiteElo "2440"]
[Black "RubberDuck"]
[BlackElo "2184"]
[TimeControl "60+0"]
[Result "1-0"]

1. e4 e5 2. Nf3 Nf6 3. Nxe5 Nxe4 4. Qe2 Nf6 5. Nc6+ Be7 6. Nxd8 
Kxd8 7. Nc3 Re8 8. d4 Bb4 9. P@e5 Nd5 10. Bd2 Bxc3 11. bxc3 N@f4 
12. Bxf4 Nxf4 13. B@g5+ P@f6 14. Bxf4 B@b2 15. exf6 Bxc3+ 16. P@d2 Rxe2+ 17. Bxe2 
Bxd2+ 18. Bxd2 
{RubberDuck resigns} 1-0

[Event "fics rated crazyhouse match"]
[Site "fics, Oklahoma City, OK USA"]
[Date "2000.03.15"]
[White "RubberDuck"]
[WhiteElo "2181"]
[Black "pminear"]
[BlackElo "2443"]
[TimeControl "60+0"]
[Result "1-0"]

1. e4 e5 2. Nf3 Nc6 3. Bc4 Bc5 4. Nc3 Nf6 5. Nd5 Nxe4 6. O-O 
d6 7. d3 Nxf2 8. Rxf2 Bxf2+ 9. Kxf2 P@g4 10. Ng5 P@e6 11. Nxf7 Kxf7 
12. N@g5+ Kf8 13. Nxc7 Qxc7 14. Bxe6 R@f6+ 15. P@f3 Bxe6 16. Nxe6+ Rxe6 17. P@d5 
Rf6 18. dxc6 bxc6 19. B@g5 B@b6+ 20. P@e3 Rf7 21. B@e4 Qd7 22. Bxh7 Rxh7 
23. N@g6+ Kg8 24. P@e7 g3+ 25. hxg3 N@g4+ 26. Ke2 Rh2 27. Ke1 P@f2+ 28. Kd2 
Rxg2 29. P@h7+ Kxh7 30. Nf8+ Raxf8 31. exf8=N+ Rxf8 32. R@h5+ B@h6 33. Qe2 f1=N+ 
34. Kc3 Rxe2 35. Rxh6+ gxh6 36. Bf6 Rxf6 37. Kb3 P@b4 38. B@g6+ Rxg6 39. a3 
Q@a4+ 40. Ka2 P@b5 41. Kb1 b3 42. Ra2 bxc2+ 43. Ka1 
{pminear forfeits on time} 1-0

[Event "fics rated crazyhouse match"]
[Site "fics, Oklahoma City, OK USA"]
[Date "2000.03.15"]
[White "pminear"]
[WhiteElo "2430"]
[Black "RubberDuck"]
[BlackElo "2194"]
[TimeControl "60+0"]
[Result "0-1"]

1. e4 e5 2. Nf3 Nc6 3. Bc4 Nf6 4. Nc3 Bc5 5. d3 d6 6. Bg5 
Be6 7. Nd5 Bxd5 8. Bxd5 Nxd5 9. exd5 Bxf2+ 10. Kxf2 N@g4+ 11. Ke2 Qxg5 
12. Nxg5 Nd4+ 13. Kd2 B@b4+ 14. c3 B@e3+ 15. Ke1 Bxc3+ 16. bxc3 P@f2+ 17. Kf1 
Bxg5 18. B@d7+ Kf8 19. B@d2 N@e3+ 20. Bxe3 Nxe3+ 21. Kxf2 Nxd1+ 22. Rhxd1 Q@e3+ 
23. Kf1 P@e2+ 24. Ke1 B@f2# 
{pminear checkmated} 0-1

[Event "fics rated crazyhouse match"]
[Site "fics, Oklahoma City, OK USA"]
[Date "2000.03.15"]
[White "RubberDuck"]
[WhiteElo "2207"]
[Black "pminear"]
[BlackElo "2417"]
[TimeControl "60+0"]
[Result "0-1"]

1. e4 e5 2. Nf3 Nc6 3. Nc3 Bc5 4. d3 Nf6 5. Be3 Bxe3 6. fxe3 
d5 7. exd5 Nxd5 8. Nxd5 Qxd5 9. B@c4 Qd8 10. Bxf7+ Kxf7 11. N@g5+ Kf8 
12. P@e6 B@h4+ 13. P@f2 Bxg5 14. Nxg5 Qxg5 15. Qf3+ B@f6 16. h4 Qg6 17. h5 
Qh6 18. B@b4+ Nxb4 
{RubberDuck resigns} 0-1

[Event "fics rated crazyhouse match"]
[Site "fics, Oklahoma City, OK USA"]
[Date "2000.03.15"]
[White "Tecumseh"]
[WhiteElo "2251"]
[Black "spurs"]
[BlackElo "2318"]
[TimeControl "60+0"]
[Result "1-0"]

1. e4 e6 2. Be2 d5 3. exd5 exd5 4. d4 Nf6 5. Nf3 Bb4+ 6. c3 
Bxc3+ 7. bxc3 O-O 8. O-O Re8 9. P@h6 P@h3 10. hxg7 hxg2 11. Kxg2 P@h3+ 
12. Kg1 P@g2 13. Re1 Bg4 14. P@e5 Ne4 15. B@d3 Bxf3 16. Bxf3 Nxf2 17. Kxf2 
P@e4 18. N@h6+ Kxg7 19. Nf5+ Kg8 20. B@f6 exf3 21. Nh6+ Kf8 22. P@g7# 
{spurs checkmated} 1-0

[Event "fics rated crazyhouse match"]
[Site "fics, Oklahoma City, OK USA"]
[Date "2000.03.15"]
[White "spurs"]
[WhiteElo "2308"]
[Black "Tecumseh"]
[BlackElo "2261"]
[TimeControl "60+0"]
[Result "1-0"]

1. d4 d5 2. Nf3 Nc6 3. Nc3 Nf6 4. Bg5 Ne4 5. e3 Nxg5 6. Nxg5 
B@g6 7. Bb5 Bcf5 8. N@e5 Bxc2 9. Nxc6 bxc6 10. Bxc6+ P@d7 11. Bxd7+ Qxd7 
12. N@c5 Bxd1 13. Nxd7 B@d2+ 14. Kxd1 Q@c2+ 15. Ke2 Bxc3+ 16. Kf1 Bd3+ 17. P@e2 
Qxe2+ 18. Kg1 Rd8 19. B@f3 Qxf3 20. gxf3 N@e2+ 21. Kg2 N@h4+ 22. Kh3 B@f5+ 
23. P@g4 Bxd7 24. Kxh4 N@g2+ 25. Kh3 h6 26. Nxf7 Ngf4+ 27. exf4 Nxf4+ 28. Kg3 
Nh5+ 29. gxh5 Bxd4 30. Nxh8 
{Tecumseh forfeits on time} 1-0

[Event "fics rated crazyhouse match"]
[Site "fics, Oklahoma City, OK USA"]
[Date "2000.03.15"]
[White "Tecumseh"]
[WhiteElo "2254"]
[Black "spurs"]
[BlackElo "2315"]
[TimeControl "60+0"]
[Result "0-1"]

1. e4 e6 2. d4 d5 3. e5 Ne7 4. Bg5 Qd7 5. Bxe7 Bxe7 6. N@c5 
Bxc5 7. dxc5 B@b4+ 8. Nc3 Bxc5 9. Nf3 Bb4 10. B@d4 N@e4 11. Bd3 Bxc3+ 
12. bxc3 Nc6 13. B@b5 Nxd4 14. Bxd7+ Bxd7 15. Nxd4 Nxc3 16. Qg4 P@d2+ 17. Kf1 
B@c1 18. N@d6+ cxd6 19. exd6 B@f6 20. Nb5 Bxb5 21. Bxb5+ P@c6 22. d7+ Kxd7 
23. B@f4 P@e2+ 24. Qxe2 Nxe2 25. Q@c7+ Ke8 26. P@d7+ Kf8 27. Qc8+ N@d8 28. Kxe2 
N@d4+ 29. Kd3 N@c5+ 30. Kc3 Nxb5+ 31. Kb4 Q@a3# 
{Tecumseh checkmated} 0-1

[Event "fics rated crazyhouse match"]
[Site "fics, Oklahoma City, OK USA"]
[Date "2000.03.15"]
[White "spurs"]
[WhiteElo "2322"]
[Black "Tecumseh"]
[BlackElo "2247"]
[TimeControl "60+0"]
[Result "1-0"]

1. d4 Nc6 2. Nf3 d5 3. Nc3 Nf6 4. Bg5 Ne4 5. Nxe4 dxe4 6. Ne5 
Qxd4 7. Nxc6 P@d2+ 8. Qxd2 Qxd2+ 9. Bxd2 bxc6 10. O-O-O N@c4 11. Bc3 N@d5 
12. e3 Bg4 13. Bxc4 Nxc3 14. Bxf7+ Kxf7 15. N@e5# 
{Tecumseh resigns} 1-0

[Event "fics rated crazyhouse match"]
[Site "fics, Oklahoma City, OK USA"]
[Date "2000.03.15"]
[White "Tecumseh"]
[WhiteElo "2241"]
[Black "spurs"]
[BlackElo "2328"]
[TimeControl "60+0"]
[Result "0-1"]

1. e4 e6 2. d4 d5 3. exd5 exd5 4. Nf3 Bb4+ 5. c3 Bd6 6. P@e5 
Be7 7. Be2 Bg4 8. h3 Bxf3 9. Bxf3 Nc6 10. O-O P@e4 11. Bh5 Qd7 
12. B@g4 Qd8 13. Bxf7+ Kxf7 14. e6+ Kf8 15. P@h6 B@f6 16. hxg7+ Bxg7 17. P@f7 
Nf6 18. Bg5 P@f3 19. Bxf6 N@e2+ 20. Kh2 Bexf6 21. N@d7+ Ke7 22. Nxf6 Bxf6 
23. B@c5+ B@d6+ 24. Bxd6+ cxd6 25. gxf3 exf3 26. Bxf3 B@e5+ 27. P@g3 Nxg3 28. fxg3 
Bxg3+ 29. Kh1 N@f2+ 30. Rxf2 Bxf2 31. N@f5+ Kxe6 32. Qe2+ P@e3 33. N@f4+ Kxf5 
34. B@g4+ Kxf4 35. P@g3+ Bxg3 36. Qxe3+ Kxe3 
{Tecumseh forfeits on time} 0-1

[Event "fics rated crazyhouse match"]
[Site "fics, Oklahoma City, OK USA"]
[Date "2000.03.15"]
[White "spurs"]
[WhiteElo "2334"]
[Black "Tecumseh"]
[BlackElo "2235"]
[TimeControl "60+0"]
[Result "0-1"]

1. d3 d5 2. Nc3 d4 3. Nf3 dxc3 4. b3 N@b2 5. Bxb2 cxb2 6. Rb1 
B@c3+ 7. Nd2 e5 8. N@e4 Bfb4 9. e3 Bxd2+ 10. Nxd2 N@c3 11. Be2 Nxd1 
12. Rxd1 Bxd2+ 13. Rxd2 b1=Q+ 14. B@d1 e4 15. O-O exd3 16. Rxd3 P@d6 17. N@h5 
Qg5 18. B@g4 Bxg4 19. Bxg4 Qxd1 20. Rdxd1 Qxg4 21. B@f3 N@h3+ 22. Kh1 Q@g1+ 
23. Rxg1 Nxf2# 
{spurs checkmated} 0-1

[Event "fics rated crazyhouse match"]
[Site "fics, Oklahoma City, OK USA"]
[Date "2000.03.15"]
[White "spurs"]
[WhiteElo "2330"]
[Black "Tecumseh"]
[BlackElo "2239"]
[TimeControl "60+0"]
[Result "0-1"]

1. d4 Nc6 2. Nf3 Nf6 3. Nc3 d5 4. Bg5 Ne4 5. Nxe4 dxe4 6. Ne5 
Qxd4 7. Nxc6 P@d2+ 8. Qxd2 Qxd2+ 9. Bxd2 bxc6 10. O-O-O Be6 11. Bc3 N@d5 
12. N@g5 Nxc3 13. Nxe6 Q@b1+ 14. Kd2 Qxd1+ 15. Kxc3 N@d5+ 16. Kb3 Rb8+ 17. Ka3 
B@b4+ 18. Ka4 R@a5+ 19. Kb3 Bd6+ 20. Kc4 Qxc2+ 21. B@c3 Rb4# 
{spurs checkmated} 0-1

[Event "fics rated crazyhouse match"]
[Site "fics, Oklahoma City, OK USA"]
[Date "2000.03.15"]
[White "Tecumseh"]
[WhiteElo "2249"]
[Black "spurs"]
[BlackElo "2320"]
[TimeControl "60+0"]
[Result "1-0"]

1. e4 e6 2. d4 d5 3. exd5 exd5 4. Nf3 Bg4 5. Be2 Bb4+ 6. c3 
Be7 7. Ne5 Bxe2 8. Qxe2 Nf6 9. Nxf7 Kxf7 10. B@e6+ Kf8 11. P@e5 Ne4 
12. P@h6 gxh6 13. Bxh6+ P@g7 14. Bxg7+ Kxg7 15. P@f6+ Bxf6 16. exf6+ Qxf6 17. B@e5 
Qxe5 18. dxe5 Rf8 19. P@f6+ Nxf6 20. exf6+ Kxf6 21. Q@f5+ Kg7 22. Qeg4+ N@g6 
23. Qfxg6+ hxg6 24. N@h5+ Kh7 25. N@f6+ Kh8 26. Qxg6 Q@c1+ 27. Ke2 P@d3+ 28. Qxd3 
B@g4+ 29. Bxg4 P@f3+ 30. Bxf3 Qh6 31. P@g7+ Qxg7 32. Nxg7 B@d1+ 33. Rxd1 P@c2 
34. Q@h7# 
{spurs checkmated} 1-0